 Dungeon Crawl Stone Soup version 0.30-a0-365-ge7f957f1db (webtiles) character file.

Game seed: 12887570240589271142

37 mopl the Sneak (level 3, -3/29 HPs)
             Began as a Barachi Delver on Nov 16, 2022.
             Slain by an ogre
             ... wielding a +0 giant club
              (26 damage)
             ... on level 5 of the Dungeon.
             The game lasted 00:00:33 (197 turns).

mopl the Sneak (Barachi Delver)                      Turns: 197, Time: 00:00:34

Health: -3/29      AC:  3    Str: 15    XL:     3   Next: 39%
Magic:  3/3        EV: 12    Int: 10    God:
Gold:   20         SH:  0    Dex: 13    Spells: 2/2 levels left

rFire   . . .      SeeInvis .    a - +0 falchion
rCold   . . .      Faith    .    (no shield)
rNeg    . . .      Spirit   .    b - +0 leather armour
rPois   .          Reflect  .    (no helmet)
rElec   .          Harm     .    (no cloak)
rCorr   .          Rampage  .    (no gloves)
Will    .....                    (no boots)
Stlth   ++........               (no amulet)
HPRegen 0.24/turn                (no ring)
MPRegen 0.08/turn                (no ring)

@: lethally poisoned (-3 -> -5), unable to hop, hasted, quick
A: amphibious, slowness 1, strong legs 1, +LOS
a: Hop


You were on level 5 of the Dungeon.
You visited 1 branch of the dungeon, and saw 1 of its levels.

You collected 20 gold pieces.

Inventory:

Hand Weapons
 a - a +0 falchion (weapon)
Armour
 b - a +0 leather armour (worn)
Wands
 g - a wand of digging (3)
Scrolls
 c - a scroll of fog
 d - a scroll of magic mapping
 e - a scroll of fear


   Skills:
 - Level 3.6 Fighting
 + Level 4.5 Long Blades
 - Level 2.1 Dodging
 - Level 4.5 Stealth


You had 2 spell levels left.
You didn't know any spells.
Your spell library was empty.

Dungeon Overview and Level Annotations

Branches:
Dungeon (5/15)
 Temple: D:4-7

Altars:


Innate Abilities, Weirdness & Mutations

You are amphibious.
You cover ground slowly.
You can hop short distances.
You have an extended range of vision and can be seen from far away.


Message History

The hound attacks as you move away! The hound closely misses you.
The hound bites you. The hound closely misses you. The hound bites you.
The hound closely misses you.
Really walk into that teleport trap?
The hound attacks as you move away! The hound bites you but does no damage.
You enter a teleport trap!
The teleport trap disappears.
Your surroundings suddenly seem different.
Found a robe.
You start resting.
HP restored.
You open the door.
There is an open door here.
You open the door.
There is an open door here.
You close the door.
An ogre opens the door.
Hop to where?
Press: ? - help, Dir - move target An adder comes into view.
Found 6 stones.
Boing!
The helpless adder fails to defend itself.
You hit the adder.
The adder is heavily wounded.
The adder bites you. x2
You are poisoned.
The adder poisons you!
You hit the adder.
You kill the adder!
You feel sick.
You feel yourself speed up.
You feel sick. The ogre closely misses you.
You hit the ogre.
The ogre is lightly wounded.
You hit the ogre.
The ogre is moderately wounded.
You feel sick.
The ogre hits you with a +0 giant club!!
Ouch! That really hurt!
You die...

.##.#######.........#
'##.###. +.........##
......#[###......$......
....#.#...'..........####
....#.#####............
..#.#..######'##########
..#.......# #.#
..####.##.# #.#####
..#....##.# #O#.@.#
..#.......# #.#O#.#
########### #...#.#
#####.# .. .. .(. ...
+###


You could see an ogre.

Vanquished Creatures
  A hound (D:5)
  An adder (D:5)
2 creatures vanquished.

Notes
Turn   | Place    | Note
-------+----------+-------------------------------------------
     0 | D:5      | mopl the Barachi Delver began the quest for the Orb.
     0 | D:5      | Reached XP level 1. HP: 18/18 MP: 1/1
     7 | D:5      | Noticed a hound
    22 | D:5      | Killed a hound
    23 | D:5      | Reached skill level 4 in Long Blades
    23 | D:5      | Reached XP level 2. HP: 12/24 MP: 2/2
    23 | D:5      | Reached XP level 3. HP: 14/29 MP: 3/3
   127 | D:5      | Noticed an ogre
   128 | D:5      | Noticed an ogre
   197 | D:5      | Slain by an ogre

Illustrated notes

Levels and vault maps discovered:
D:5:      layout_basic, uniq_menkaure, uniq_duvessa

Skill      XL: |  1 |
---------------+----+-----
Long Blades    | 4 |  4.5
Fighting       | |  3.6
Dodging        | |  2.1
Stealth        | |  4.5

Action                   || total
-------------------------++-------
Melee: Falchion          ||    17
 Abil: Hop               ||     1
  Use: Potion            ||     1
 Stab: Sleeping          ||     1
Armor: Leather armour    ||     4
Dodge: Dodged            ||    25

Table legend: (Time is in decaauts)
 A = Elapsed time spent in this place.
 B = Non-inter-level travel time spent in this place.
 C = Inter-level travel time spent in this place.
 D = Time resting spent in this place.
 E = Time spent auto-exploring this place.
 F = Levels seen in this place.
 G = Mean time per level.
                   A        B        C        D        E       F      G
               +--------+--------+--------+--------+--------+-----+--------+
         Total |    215 |    215 |      0 |     94 |     59 |   1 |  215.0 |
       Dungeon |    215 |    215 |      0 |     94 |     59 |   1 |  215.0 |
               +--------+--------+--------+--------+--------+-----+--------+

Top non-repeatable levels by time:
     D:5: 215 daAuts
